 Dungeon Crawl Stone Soup version 0.31-a0-221-gbddc013574 (webtiles) character file.

Game seed: 4038862308656828565

900 GloriousHammer the Cleaver (level 8, -10/67 HPs)
             Began as a Hill Orc Monk on July 4, 2023.
             Mangled by a two-headed ogre
             ... wielding a +0 giant club
              (18 damage)
             ... on level 5 of the Dungeon on July 5, 2023.
             The game lasted 00:13:38 (4693 turns).

GloriousHammer the Cleaver (Hill Orc Monk)          Turns: 4693, Time: 00:13:38

Health: -10/67     AC:  7    Str: 16    XL:     8   Next: 7%
Magic:  8/8        EV: 18    Int: 10    God:
Gold:   154        SH:  0    Dex: 13    Spells: 7/7 levels left

rFire   + . .        a - +0 hand axe
rCold   . . .        d - orb {light}
rNeg    . . .        q - +5 robe of Feingum {rCorr}
rPois   .            (no helmet)
rElec   .            (no cloak)
rCorr   +            (no gloves)
SInv    .            (no boots)
Will    .....        (no amulet)
Stlth   +            E - +5 ring of evasion
HPRegen 0.31/turn    F - ring of protection from fire
MPRegen 0.11/turn

%: no passive effects
@: glowing
A: no striking features
a: no special abilities


You were on level 5 of the Dungeon.
You visited 1 branch of the dungeon, and saw 6 of its levels.
You also visited: Ossuary.

You collected 261 gold pieces.
You spent 107 gold pieces at shops.

Inventory:

Hand Weapons
 a - a +0 hand axe (weapon)
Missiles
 f - 7 poisoned darts
 l - 4 javelins
 r - 4 atropa-tipped darts
Armour
 d - an orb of light (worn)
 h - a +0 chain mail
 q - the +5 robe of Feingum (worn) {rCorr}
   (You took it off a hobgoblin on level 2 of the Dungeon)

   rCorr:     It protects you from acid and corrosion.
Jewellery
 c - a ring of protection from cold
 v - a ring of see invisible
 E - a +5 ring of evasion (left hand)
 F - a ring of protection from fire (right hand)
 R - a ring of resist corrosion
Scrolls
 b - 2 scrolls of immolation {unknown}
 e - 2 scrolls of fear {unknown}
 i - a scroll of fog {unknown}
 j - 3 scrolls of teleportation
 k - 2 scrolls of enchant armour {unknown}
 m - a scroll of noise {unknown}
 p - 2 scrolls of revelation
 u - 2 scrolls of poison {unknown}
 w - a scroll of torment {unknown}
 x - a scroll of amnesia {unknown}
 y - a scroll of silence {unknown}
 C - 2 scrolls of vulnerability {unknown}
Potions
 g - 2 potions of lignification {unknown}
 n - a potion of heal wounds {unknown}
 o - 2 potions of attraction
 s - 4 potions of haste
 t - 2 potions of curing {unknown}
 z - a potion of cancellation {unknown}
 A - a potion of brilliance {unknown}
 B - a potion of berserk rage {unknown}


   Skills:
 + Level 4.8 Fighting
 + Level 10.4 Axes
 + Level 1.9 Armour
 + Level 3.2 Dodging
 + Level 2.0 Stealth


You had 7 spell levels left.
You didn't know any spells.
Your spell library was empty.

Dungeon Overview and Level Annotations

Branches:
Dungeon (6/15)            Ossuary (visited)
 Temple: D:4-7

Altars:
Cheibriados
Okawaru
Sif Muna
Yredelemnul

Shops:
D:4 **

Annotations:
D:3 Robin
D:5 exclusion: upstairs, Edmund


Message History

The wight hits you with a +3 short sword!
You feel drained.
A wight comes into view. It is wielding a +3 morningstar.
You hit the wight but do no damage.
A wight comes into view. It is wielding a +3 hand axe.
You hit the wight but do no damage. You barely miss the wight.
The wight completely misses you.
The wight hits you with a +3 morningstar!
The wight attacks as you move away! The wight closely misses you.
The wight barely misses you. The wight attacks as you move away!
The wight hits you with a +3 morningstar!
You hit the wight but do no damage. x2
The wight hits you with a +3 short sword!
You feel drained. The wight misses you.
You hit the wight.
The wight is lightly damaged.
You hit the wight but do no damage. You barely miss the wight.
The wight is lightly damaged.
You hit the wight but do no damage. The wight closely misses you.
The wight misses you.
You hit the wight.
The wight is heavily damaged.
You barely miss the wight. The wight barely misses you. x2
You hit the wight.
The wight is severely damaged.
You hit the wight but do no damage.
The wight hits you with a +3 short sword.
The wight completely misses you.
You hit the wight.
You destroy the wight!
You hit the wight but do no damage. The wight hits you but does no damage.
You have reached level 8!
You barely miss the wight. You hit the wight but do no damage.
You hit the wight.
The wight is lightly damaged.
You hit the wight but do no damage. The wight hits you with a +3 hand axe!
* * * LOW HITPOINT WARNING * * *
The wight hits you with a +3 short sword.
* * * LOW HITPOINT WARNING * * *
You feel yourself speed up. The wight misses you.
A wight comes into view. It is wielding a +3 flail.
The wight closely misses you.
Things that are here:
a +0 flail; a boomerang; a +0 scale mail
There is an open door, spattered with blood here.
Items here: )) [[ ††.
A scorpion comes into view.
There is an open door here.
The scorpion completely misses you.
You hit the scorpion but do no damage. The scorpion misses you.
You hit the scorpion.
The scorpion is moderately wounded.
The scorpion stings you but does no damage.
You barely miss the scorpion.
The scorpion is moderately wounded.
You hit the scorpion.
The scorpion is moderately wounded.
The scorpion completely misses you.
You hit the scorpion but do no damage.
The scorpion is moderately wounded.
You hit the scorpion.
The scorpion is severely wounded.
Your extra speed is starting to run out.
The scorpion stings you but does no damage.
You hit the scorpion but do no damage.
The scorpion is severely wounded.
The scorpion completely misses you.
You hit the scorpion but do no damage.
The scorpion is severely wounded.
You hit the scorpion but do no damage.
The scorpion is severely wounded.
The scorpion closely misses you.
You barely miss the scorpion.
The scorpion is severely wounded.
The scorpion closely misses you.
You hit the scorpion.
The scorpion is almost dead.
The scorpion completely misses you.
You barely miss the scorpion.
The scorpion is almost dead.
You barely miss the scorpion.
The scorpion is almost dead.
The scorpion completely misses you.
You hit the scorpion.
You kill the scorpion!
Your life force feels restored.
Your Stealth skill increases to level 2!
You close the door.
You feel yourself slow down.
There is a stone staircase leading down here.
A wight breaks down the door.
There is a stone staircase leading up here.
You climb upwards.
Level annotation: exclusion: upstairs, Edmund The two-headed ogre hits you with a +0 giant club!!
* * * LOW HITPOINT WARNING * * *
The two-headed ogre hits you with a +0 dire flail!!
You die...

######..#
###..#######..#
##.# #### ####
#.# ##.# #..#
#..## ##########
#...####.........
##...............
####....@.......
##...O.......
##........### .##
#...####### ....
##.### ..@. ##.##
.... ###.## ...#
#######..## ....
##.O......# ....


You could see a two-headed ogre.

Vanquished Creatures
  An ogre (D:5)
  A centaur (D:6)
  A phantom (D:4)
  A scorpion (D:6)
  3 water moccasin zombies (Ossuary)
  A wight (D:6)
  A howler monkey (D:6)
  2 hounds (D:6)
  3 iguanas
  2 mummies (Ossuary)
  3 gnolls (D:2)
  5 adders
  2 ufetubi (D:5)
  3 adder zombies (Ossuary)
  A worm (D:4)
  A dart slug (D:4)
  5 orcs
  5 ball pythons
  3 endoplasms
  2 giant cockroaches
  12 goblins
  8 hobgoblins
  5 jackals (D:1)
  A quokka (D:5)
  2 bats (D:1)
  3 frilled lizards
  4 gnoll zombies (Ossuary)
  3 hobgoblin zombies (Ossuary)
  4 kobolds
  6 kobold zombies (Ossuary)
  3 orc zombies (Ossuary)
  3 rats
100 creatures vanquished.

Notes
Turn   | Place    | Note
-------+----------+-------------------------------------------
     0 | D:1      | GloriousHammer the Hill Orc Monk began the quest for the
                  | Orb.
     0 | D:1      | Reached XP level 1. HP: 19/19 MP: 1/1
   143 | D:1      | Reached XP level 2. HP: 23/26 MP: 2/2
   310 | D:1      | Reached skill level 5 in Axes
   723 | D:2      | Reached XP level 3. HP: 10/31 MP: 3/3
   738 | D:2      | Reached skill level 6 in Axes
  1275 | D:2      | Identified the +5 robe of Feingum {rCorr}
  1310 | D:2      | Found an iron altar of Okawaru.
  1323 | D:2      | Reached XP level 4. HP: 39/39 MP: 4/4
  1997 | D:3      | Reached skill level 7 in Axes
  2066 | D:3      | Noticed Robin
  2216 | D:4      | Reached XP level 5. HP: 45/45 MP: 5/5
  2239 | D:4      | Found Hesaq's Assorted Antiques.
  2252 | D:4      | Found a sand-covered staircase.
  2264 | D:4      | Bought 2 pink potions for 52 gold pieces
  2264 | D:4      | Bought a lumpy yellow potion for 26 gold pieces
  2264 | D:4      | Bought a scroll labelled CAENUETEST for 29 gold pieces
  2342 | Ossuary  | Entered an ossuary
  2372 | Ossuary  | Upgraded the game from 0.31-a0-219-g8d62b2e7bb to
                  | 0.31-a0-221-gbddc013574
  2390 | Ossuary  | Reached skill level 8 in Axes
  2574 | Ossuary  | Reached XP level 6. HP: 45/51 MP: 6/6
  2586 | Ossuary  | Reached skill level 9 in Axes
  2891 | D:4      | Identified the +5 spear "Inin" {spect, rF++ Will+ Int+3}
  3242 | D:4      | Found Hoxus's Serpentskin Sales.
  3242 | D:4      | Noticed a water moccasin
  3242 | D:4      | Noticed a water moccasin
  3480 | D:5      | Entered Level 5 of the Dungeon
  3536 | D:5      | Noticed Edmund
  3891 | D:5      | Reached XP level 7. HP: 41/58 MP: 7/7
  3910 | D:5      | HP: 1/58 [ogre/+0 giant club (16)]
  3912 | D:5      | Reached skill level 10 in Axes
  3912 | D:5      | Reached skill level 1 in Stealth
  4227 | D:5      | Found a basalt altar of Yredelemnul.
  4228 | D:5      | Found a shimmering blue altar of Sif Muna.
  4229 | D:5      | Found a snail-covered altar of Cheibriados.
  4319 | D:5      | Noticed a two-headed ogre
  4585 | D:6      | Reached skill level 1 in Armour
  4623 | D:6      | Reached XP level 8. HP: 26/66 MP: 8/8
  4693 | D:5      | Mangled by a two-headed ogre

Illustrated notes

Levels and vault maps discovered:
D:1:      lightli_arrival_chessboard, layout_loops_ring
D:2:      layout_basic, basic_altar, chequers_serial_rivers_micro_e
D:3:      layout_basic, tso_oasis_becter, uniq_robin
D:4:      layout_rooms, serial_shops, shop,
          nicolae_ossuary_entry_false_entrances, guppyfry_shop_venom
D:5:      layout_layer_cave, gammafunk_temple_overflow_claw,
          minmay_temple_entry_metal_lava, uniq_edmund
D:6:      layout_gridville

Skill      XL: |  1  2  3  4  5  6  7  8 |
---------------+-------------------------+-----
Axes           | 5 6 7 8 9 10 | 10.4
Fighting       | 4 |  4.8
Stealth        | 1 2 |  2.0
Armour         | 1 |  1.9
Dodging        | 3 |  3.2

Action                     |  1- 3 |  4- 6 |  7- 9 || total
---------------------------+-------+-------+-------++-------
  Melee: Hand axe          |    88 |   226 |    82 ||   396
    Use: Potion            |     1 |       |     1 ||     2
         Scroll            |       |     4 |       ||     4
 Armour: Robe              |     5 |    53 |     8 ||    66
         Ring mail         |    16 |       |       ||    16
  Dodge: Dodged            |    56 |   179 |    55 ||   290

Table legend: (Time is in decaauts)
 A = Elapsed time spent in this place.
 B = Non-inter-level travel time spent in this place.
 C = Inter-level travel time spent in this place.
 D = Time resting spent in this place.
 E = Time spent auto-exploring this place.
 F = Levels seen in this place.
 G = Mean time per level.
                   A        B        C        D        E       F      G
               +--------+--------+--------+--------+--------+-----+--------+
         Total |   4633 |   4433 |    200 |   1176 |   2047 |   7 |  661.9 |
       Dungeon |   4119 |   3919 |    200 |    861 |   2033 |   6 |  686.5 |
       Ossuary |    513 |    513 |      0 |    315 |     14 |   1 |  513.0 |
               +--------+--------+--------+--------+--------+-----+--------+

Top non-repeatable levels by time:
     D:2: 1347 daAuts
     D:4: 1020 daAuts
     D:5: 672 daAuts
     D:1: 615 daAuts
 Ossuary: 513 daAuts
     D:6: 327 daAuts
     D:3: 135 daAuts
